 Dungeon Crawl Stone Soup version 0.30-a0-634-g8abc85282e (webtiles) character file.

Game seed: 8656397674060972742

6003 inmateoo the Cruncher (level 10, -3/79 HPs)
             Began as a Demonspawn Gladiator on Jan 14, 2023.
             Was a Priest of Okawaru.
             Slain by a centaur warrior (10 damage)
             ... on level 10 of the Dungeon.
             The game lasted 00:08:09 (7106 turns).

inmateoo the Cruncher (Demonspawn Gladiator)        Turns: 7106, Time: 00:08:09

Health: -3/79      AC:  8    Str: 16    XL:     10   Next: 56%
Magic:  0/13       EV: 19    Int:  9    God:    Okawaru [***...]
Gold:   587        SH:  0    Dex: 18    Spells: 9/9 levels left

rFire   . . .      SeeInvis .    a - +1 quarterstaff (venom)
rCold   + . .      Faith    .    (shield currently unavailable)
rNeg    + . .      Spirit   +    E - +0 ring mail {rC+}
rPois   .          Reflect  .    (helmet restricted)
rElec   .          Harm     .    C - +0 cloak
rCorr   .          Rampage  .    i - +0 pair of gloves
Will    .....                    (no boots)
Stlth   +                        u - amulet of guardian spirit
HPRegen 0.33/turn                b - +5 ring of evasion
MPRegen 0.13/turn                v - ring of positive energy

@: no status effects
A: hooves 2, horns 1, foul stench 1, spiny 2
a: Renounce Religion, Heroism


You were on level 10 of the Dungeon.
You worshipped Okawaru.
Okawaru was most pleased with you.
You visited 2 branches of the dungeon, and saw 11 of its levels.

You collected 587 gold pieces.

Inventory:

Hand Weapons
 a - a +1 quarterstaff of venom (weapon)
Missiles
 d - 3 throwing nets (quivered)
 e - 8 javelins
Armour
 i - a +0 pair of gloves (worn)
 C - a +0 cloak (worn)
 E - a +0 ring mail of cold resistance (worn)
Jewellery
 b - a +5 ring of evasion (left hand)
 g - a ring of resist corrosion
 u - an amulet of guardian spirit (around neck)
 v - a ring of positive energy (right hand)
Wands
 q - a wand of flame (66)
 x - a wand of digging (5)
 y - a wand of roots (8)
 G - a wand of polymorph (6)
Scrolls
 c - a scroll of enchant weapon
 h - 3 scrolls of fog
 k - 4 scrolls of identify
 l - 5 scrolls of magic mapping
 o - 6 scrolls of teleportation
 p - 2 scrolls of enchant armour
Potions
 f - 2 potions of ambrosia
 j - 2 potions of attraction
 m - a potion of resistance
 n - 3 potions of heal wounds
 r - 2 potions of might
 s - 4 potions of curing
 t - a potion of magic
 z - a potion of invisibility
 A - 2 potions of flight
 B - 2 potions of brilliance
 D - a potion of haste


   Skills:
 + Level 7.2 Fighting
 * Level 9.4 Staves
 - Level 5.5 Throwing
 - Level 4.0 Armour
 + Level 6.8 Dodging
 + Level 4.4 Invocations


You had 9 spell levels left.
You didn't know any spells.
Your spell library contained the following spells:

 Spells                   Type           Power      Damage    Failure   Level
 Freeze                   Ice            0%         1d3       58%         1
 Shock                    Conj/Air       0%         1d3       58%         1
 Blink                    Tloc           0%         N/A       73%         2
 Frozen Ramparts          Ice            0%         1d1       91%         3
 Hailstorm                Conj/Ice       0%         3d3       91%         3
 Swiftness                Air            0%         N/A       91%         3
 Airstrike                Air            0%         2d(0-16)  100%        4
 Manifold Assault         Tloc           0%         N/A       100%        4
 Lightning Bolt           Conj/Air       0%         1d11      100%        5
 Storm Form               Tmut/Air       0%         N/A       100%        7
 Summon Lightning Spire   Summ/Air       Unusable   N/A       N/A         4

Dungeon Overview and Level Annotations

Branches:
Dungeon (10/15)            Temple (1/1) D:7
   Lair: D:8-11         Orc: D:9-12

Altars:
Ashenzari
Cheibriados
Dithmenos
Fedhas
Gozag
Makhleb
Nemelex Xobeh
Okawaru
Ru
Uskayaw
Wu Jian
Xom
Yredelemnul

Annotations:
D:5 1 transporter


Innate Abilities, Weirdness & Mutations

You have hoof-like feet.
You have a pair of small horns on your head.
You may rarely emit foul miasma when damaged in melee.
You are mostly covered in sharp spines.


Message History

Your kick misses the komodo dragon. You headbutt the komodo dragon.
The komodo dragon is heavily wounded.
The komodo dragon bites you but does no damage.
You hit the komodo dragon but do no damage.
The komodo dragon looks as sick as possible!
You kick the komodo dragon.
The komodo dragon is severely wounded.
The komodo dragon closely misses you.
You barely miss the komodo dragon. You headbutt the komodo dragon.
The komodo dragon is severely wounded.
The komodo dragon closely misses you.
You hit the komodo dragon.
The komodo dragon looks as sick as possible!
Your kick misses the komodo dragon.
You headbutt the komodo dragon, but do no damage.
The komodo dragon is almost dead.
You hit the komodo dragon.
You kill the komodo dragon!
Okawaru accepts your kill.
No target in view!
You see here a komodo dragon corpse.
Key pressed, stopping explore.
No target in view!
A centaur warrior comes into view.
Found a stone staircase leading up.
The centaur warrior shouts!
The centaur warrior wields a +0 longbow.
The centaur warrior shoots an arrow.
The arrow hits you!
The centaur warrior shoots an arrow.
The arrow hits you!
The centaur warrior shoots an arrow.
The arrow hits you!
The centaur warrior shoots an arrow.
The arrow hits you!
The centaur warrior shoots an arrow.
The arrow hits you!
* * * LOW HITPOINT WARNING * * *
You are too injured to fight recklessly!
The centaur warrior shoots an arrow.
The arrow hits you!
* * * LOW HITPOINT WARNING * * *
The centaur warrior unwields a +0 longbow.
The centaur warrior is struck by your spines.
The centaur warrior hits you!
You die...

#..#
#...#
#..#
#...#
#..#
#...#
#..#
#...#
#..#
#...#
#..#
#..#
#..#
#.@#
#.c#
#<..
.....
#######


You could see a centaur warrior.

Vanquished Creatures
  2 two-headed ogres
  A komodo dragon (D:10)
  A troll (D:9)
  A hornet (D:8)
  A wyvern (D:7)
  Sigmund (D:2)
  A wraith (D:9)
  4 yaks
  A steam dragon (D:5)
  An orc warrior (D:9)
  A sky beast (D:8)
  2 black bears
  An ice beast (D:7)
  An ogre (D:4)
  4 centaurs
  3 scorpions
  4 bullfrogs
  2 necrophages (D:6)
  A gnoll sergeant (D:4)
  4 wights (D:9)
  11 killer bees
  3 howler monkeys (D:7)
  2 bullfrog zombies (D:5)
  An orc priest (D:8)
  6 hounds
  2 jellies (D:8)
  Jessica (D:2)
  3 iguanas
  2 orc wizards
  3 howler monkey zombies (D:5)
  9 adders
  5 gnolls
  2 shadow imps
  A white imp (D:6)
  2 ufetubi
  2 dart slugs
  15 orcs
  13 ball pythons
  8 endoplasms
  2 giant cockroaches
  4 goblins
  11 hobgoblins
  8 jackals (D:1)
  8 kobolds
  9 quokkas
  5 bats
  2 frilled lizards (D:2)
  7 rats
184 creatures vanquished.

Notes
Turn   | Place    | Note
-------+----------+-------------------------------------------
     0 | D:1      | inmateoo the Demonspawn Gladiator began the quest for the
                  | Orb.
     0 | D:1      | Reached XP level 1. HP: 16/16 MP: 1/1
    60 | D:1      | Gained mutation: You are partially covered in sharp spines.
                  | [demonic ancestry]
    60 | D:1      | Reached XP level 2. HP: 22/22 MP: 2/2
    87 | D:1      | Reached skill level 3 in Staves
   181 | D:1      | Gained mutation: You are mostly covered in sharp spines.
                  | [demonic ancestry]
   181 | D:1      | Reached XP level 3. HP: 27/27 MP: 3/3
   460 | D:2      | Noticed Jessica
   469 | D:2      | Killed Jessica
   470 | D:2      | Reached skill level 1 in Armour
   470 | D:2      | Gained mutation: You may rarely emit foul miasma when
                  | damaged in melee. [demonic ancestry]
   470 | D:2      | Reached XP level 4. HP: 34/34 MP: 4/4
   693 | D:2      | Noticed Sigmund
   702 | D:2      | Killed Sigmund
   703 | D:2      | Reached skill level 4 in Staves
   703 | D:2      | Reached XP level 5. HP: 28/41 MP: 5/5
  1402 | D:3      | Discovered your monstrous ancestry.
  1402 | D:3      | Gained mutation: You have large cloven feet. [demonic
                  | ancestry]
  1402 | D:3      | Reached XP level 6. HP: 47/47 MP: 6/6
  2611 | D:4      | Reached XP level 7. HP: 52/52 MP: 7/7
  2784 | D:5      | Entered Level 5 of the Dungeon
  2784 | D:5      | Noticed a steam dragon
  2784 | D:5      | Found a hide-covered altar of Uskayaw.
  2796 | D:5      | Killed a steam dragon
  2861 | D:5      | Found a sparkling altar of Nemelex Xobeh.
  2861 | D:5      | Found a transporter.
  2925 | D:5      | Reached skill level 5 in Staves
  3067 | D:5      | Found a basalt altar of Yredelemnul.
  3391 | D:5      | Found an ornate altar of the Wu Jian Council.
  3395 | D:5      | Found a burning altar of Makhleb.
  3398 | D:5      | Found a blossoming altar of Fedhas.
  3403 | D:5      | Found a shadowy altar of Dithmenos.
  3547 | D:5      | Reached XP level 8. HP: 41/60 MP: 6/8
  3846 | D:6      | Reached skill level 6 in Staves
  4543 | D:7      | Reached skill level 5 in Fighting
  4566 | D:7      | Reached skill level 5 in Dodging
  4668 | D:7      | Gained mutation: You have a pair of small horns on your
                  | head. [demonic ancestry]
  4668 | D:7      | Reached XP level 9. HP: 56/68 MP: 9/9
  4681 | D:7      | Found a staircase to the Ecumenical Temple.
  4705 | Temple   | Entered the Ecumenical Temple
  4720 | Temple   | Became a worshipper of Warmaster Okawaru
  4937 | D:7      | Reached skill level 7 in Staves
  5149 | D:8      | Noticed a two-headed ogre
  5150 | D:8      | Reached skill level 5 in Throwing
  5251 | D:6      | Reached * piety under Okawaru
  5430 | D:7      | Killed a two-headed ogre
  5431 | D:7      | Reached skill level 8 in Staves
  5647 | D:8      | Reached skill level 1 in Invocations
  5760 | D:8      | Reached ** piety under Okawaru
  5878 | D:8      | Found a snail-covered altar of Cheibriados.
  5924 | D:8      | Gained mutation: You have hoof-like feet. [demonic
                  | ancestry]
  5924 | D:8      | Reached XP level 10. HP: 68/77 MP: 9/11
  6324 | D:9      | Found an opulent altar of Gozag.
  6488 | D:9      | Noticed a two-headed ogre
  6498 | D:9      | Killed a two-headed ogre
  6499 | D:9      | Reached skill level 9 in Staves
  6770 | D:9      | Reached *** piety under Okawaru
  7075 | D:10     | Entered Level 10 of the Dungeon
  7101 | D:10     | Noticed a centaur warrior
  7106 | D:10     | Slain by a centaur warrior

Illustrated notes

Levels and vault maps discovered:
D:1:      saegor_arrival_simple_b, layout_rooms, minmay_split_cup_large
D:2:      layout_loops_cross, ebering_dispersal_statue_hall, grunt_ministairs_1,
          uniq_sigmund, uniq_jessica
D:3:      layout_basic, minmay_misc_feat_pillars, dk_noncrumbling_4,
          grunt_decor_fettered
D:4:      minmay_razor_zed, layout_loops_ring, elyvilon_altar_3
D:5:      layout_gridville, grunt_nemelex_the_gamble,
          nicolae_yredelemnul_corpse_copse,
          nicolae_overflow_hallway_of_the_gods, chequers_serial_rivers_room_a,
          kennysheep_cluttered_room, kennysheep_generic_room_8
D:6:      layout_basic, minmay_misc_feat_hallway, kennysheep_generic_room_4
D:7:      layout_basic, minmay_temple_entry_water_ring
D:8:      layout_basic, mainiacjoe_overflow_brackets,
          hellmonk_bongcloud_opening, serial_bayou_pond_a
D:9:      layout_irregular_city, pdpol_temple_overflow_zin_treasury_gozag_greed,
          enter_bailey_4
D:10:     layout_long_grid, nicolae_qazlal_eye_of_the_storm, erik_orc_2,
          dreamdust_gnoll_shepherd
Temple:   compressed_dpeg_circular_temple

Skill      XL: |  1  2  3  4  5  6  7  8  9 10 |
---------------+-------------------------------+-----
Staves         | 3 4 5 6 8 9 |  9.4
Throwing       | 2 3 4 5 |  5.5
Dodging        | 3 4 5 6 |  6.8
Armour         | 1 2 3 4 |  4.0
Fighting       | 3 4 5 6 7 |  7.2
Invocations    | 2 4 |  4.4

Action                   |  1- 3 |  4- 6 |  7- 9 | 10-12 || total
-------------------------+-------+-------+-------+-------++-------
Melee: Quarterstaff      |    44 |    86 |   178 |    64 ||   372
       Kick              |       |    17 |    61 |    24 ||   102
       Headbutt          |       |       |    13 |    16 ||    29
  Use: Scroll            |       |       |    22 |     2 ||    24
 Stab: Sleeping          |     1 |       |     1 |       ||     2
Armor: Leather armour    |    13 |     1 |       |       ||    14
       Ring mail         |       |    19 |    31 |    12 ||    62
Dodge: Dodged            |    28 |    48 |   203 |    66 ||   345

Table legend: (Time is in decaauts)
 A = Elapsed time spent in this place.
 B = Non-inter-level travel time spent in this place.
 C = Inter-level travel time spent in this place.
 D = Time resting spent in this place.
 E = Time spent auto-exploring this place.
 F = Levels seen in this place.
 G = Mean time per level.
                   A        B        C        D        E       F      G
               +--------+--------+--------+--------+--------+-----+--------+
         Total |   7114 |   6879 |    235 |   1001 |   4697 |  11 |  646.7 |
       Dungeon |   7093 |   6858 |    235 |   1001 |   4689 |  10 |  709.3 |
        Temple |     20 |     20 |      0 |      0 |      8 |   1 |   20.0 |
               +--------+--------+--------+--------+--------+-----+--------+

Top non-repeatable levels by time:
     D:6: 1035 daAuts
     D:4: 959 daAuts
     D:9: 943 daAuts
     D:7: 843 daAuts
     D:5: 835 daAuts
     D:2: 703 daAuts
     D:3: 670 daAuts
     D:8: 608 daAuts
     D:1: 465 daAuts
    D:10: 29 daAuts
  Temple: 20 daAuts
